 Dungeon Crawl Stone Soup version 0.25.0-26-g0c896c7088 (webtiles) character file.

Game seed: 14705543951425962425

118 generaletaddeo the Bolt Thrower (level 5, -15/32 HPs)
             Began as a Kobold Hunter on July 2, 2020.
             Was an Initiate of Makhleb.
             Killed by divine providence
             ... invoked by an orc priest
              (17 damage)
             ... on level 3 of the Dungeon.
             The game lasted 00:13:50 (2104 turns).

generaletaddeo the Bolt Thrower (Kobold Hunter)     Turns: 2104, Time: 00:13:51

Health: -15/32     AC:  5    Str: 10    XL:     5   Next: 23%
Magic:  5/5        EV: 13    Int: 12    God:    Makhleb [......]
Gold:   185        SH:  0    Dex: 16    Spells: 4/4 levels left

rFire    . . .     SeeInvis .   a - +1 hand crossbow
rCold    . . .     Gourm    .   (shield restricted)
rNeg     . . .     Faith    .   r - +0 ring mail
rPois    .         Spirit   .   (no helmet)
rElec    .         Reflect  .   (no cloak)
rCorr    .         Harm     .   (no gloves)
MR       .....                  (no boots)
Stlth    +.........             (no amulet)
HPRegen  0.10/turn              (no ring)
MPRegen  0.09/turn              (no ring)

@: no status effects
A: small, carnivore
a: Renounce Religion


You were on level 3 of the Dungeon.
You worshipped Makhleb.
Makhleb was noncommittal.
You were completely stuffed.

You visited 1 branch of the dungeon, and saw 3 of its levels.

You collected 185 gold pieces.

Inventory:

Hand Weapons
 a - a +1 hand crossbow (weapon)
 b - a +0 short sword
Missiles
 d - 14 bolts (quivered)
 g - 118 stones
 k - 7 curare-tipped darts
 p - 10 sling bullets
 s - 17 poisoned darts
Armour
 c - a +0 leather armour
 o - a cursed +0 leather armour
 r - a +0 ring mail (worn)
Jewellery
 q - a +4 ring of evasion {unknown}
Scrolls
 e - 3 scrolls of enchant armour {unknown}
 h - 2 scrolls of identify {unknown}
 j - 2 scrolls of random uselessness {unknown}
 l - a scroll of remove curse {unknown}
 m - 3 scrolls of teleportation {unknown}
Potions
 n - a potion of lignification {unknown}
Comestibles
 f - 3 rations


   Skills:
 + Level 3.2 Fighting
 * Level 4.1 Short Blades
 + Level 5.5 Crossbows
 - Level 2.4 Dodging
 - Level 1.3 Stealth


You had 4 spell levels left.
You didn't know any spells.
Your spell library was empty.

Dungeon Overview and Level Annotations

Branches:
Dungeon (3/15)

Altars:
Ashenzari
Makhleb


Innate Abilities, Weirdness & Mutations

You are small and have problems with some larger weapons.
You are carnivorous and can eat meat at any time.


Message History

You kill the orc!
Makhleb accepts your kill.
The orc priest miscasts a cantrip.
Firing (i - inventory. (/) - cycle)
d - 16 bolts (quivered)
Press: ? - help, Shift-Dir - straight line, f/p - orc priest
Aim: an orc priest (almost dead)
You shoot a bolt. The bolt closely misses the orc priest.
The orc priest hits you but does no damage.
The orc priest mumbles some strange prayers to Beogh against you.
Pain shoots through your body!
* * * LOW HITPOINT WARNING * * *
All of the chunks of flesh in your inventory have rotted away.
Firing (i - inventory. (/) - cycle)
d - 15 bolts (quivered)
Press: ? - help, Shift-Dir - straight line, f/p - orc priest
Aim: an orc priest (almost dead)
You shoot a bolt. The bolt closely misses the orc priest.
The orc priest invokes the aid of Beogh against you.
Beogh smites you!
Ouch! That really hurt!
You die...

# # .#. #.# ######## ##
#.# #......♣♣ ♣ ##.##.#
#@#####≈♣♣P♣≈≈≈
####...#.###o###...≈≈..≈..
'......oo...(.....P♣≈♣♣≈≈.
#...)...#.###.#♣♣ ≈≈♣♣
#..##.#.#.###.##♣♣#♣♣≈. #.
#....#(.)......#♣≈.♣ #
#.#..####...####♣P≈♣
#[...# #.#..# ♣≈.♣♣##
##.#.# #....# #......


You could see an orc priest.

Vanquished Creatures
  A crimson imp (D:2)
  A hound (D:2)
  An adder (D:2)
  A worm (D:3)
  A dart slug (D:1)
  3 orcs (D:3)
  2 giant cockroaches
  3 goblins
  5 hobgoblins
  2 jackals (D:2)
  6 bats
  3 frilled lizards
  5 kobolds
  10 rats
44 creatures vanquished.

Notes
Turn   | Place    | Note
-------+----------+-------------------------------------------
     0 | D:1      | generaletaddeo the Kobold Hunter began the quest for the
                  | Orb.
     0 | D:1      | Reached XP level 1. HP: 12/12 MP: 1/1
   250 | D:1      | Reached skill level 1 in Short Blades
   250 | D:1      | Reached XP level 2. HP: 18/18 MP: 2/2
   381 | D:1      | Reached skill level 5 in Crossbows
  1076 | D:2      | Reached XP level 3. HP: 20/22 MP: 3/3
  1160 | D:2      | Found a shattered altar of Ashenzari.
  1457 | D:2      | Reached XP level 4. HP: 28/28 MP: 4/4
  1546 | D:2      | Found a burning altar of Makhleb.
  1576 | D:2      | Reached XP level 5. HP: 24/32 MP: 5/5
  1580 | D:2      | Became a worshipper of Makhleb the Destroyer
  2104 | D:3      | Killed from afar by an orc priest

Illustrated notes

Levels and vault maps discovered:
D:1:      dpeg_arrival_circle_labyrinth_c, layout_basic
D:2:      layout_rooms, makhleb_grotto_becter, ashenzari_altar_1
D:3:      kennysheep_big_flooded_room, layout_loops_corners,
          serial_bayou_crossing, uniq_grinder

Skill      XL: |  1  2  3  4  5 |
---------------+----------------+-----
Short Blades   | 1 2 3 4 |  4.1
Crossbows      | 5 |  5.5
Fighting       | 3 |  3.2
Dodging        | |  2.4
Stealth        | |  1.3

Action                   |  1- 3 |  4- 6 || total
-------------------------+-------+-------++-------
Melee: Short sword       |    95 |    78 ||   173
 Fire: Hand crossbow     |     7 |    11 ||    18
Throw: Stone             |     1 |       ||     1
 Stab: Sleeping          |     4 |       ||     4
  Eat: Chunk             |    10 |     2 ||    12
Armor: Leather armour    |    13 |     4 ||    17
       Ring mail         |     3 |    14 ||    17
Dodge: Dodged            |    62 |    46 ||   108
